Map: Cyber Forest LE

Players

Oathkeeper - Winner!

  • Race: Terran Terran
  • Spawn Location: 11:00

VOD

Have the link to the VOD?

Description

Time

  • Played on: Feb. 5, 2019, 7:15 p.m.
  • Length: 28:46
Show
View Real Time Build Order
Export as new Build Order

Oathkeeper Terran - Winner!

Build Orders:  

Get SALT Encoding   

  12  0:02  SCV  
  13  0:25  SCV, Supply Depot  
  14  0:42  SCV  
  15  1:01  Barracks  
  15  1:07  SCV  
  16  1:13  Refinery  
  16  1:26  SCV  
  17  1:43  SCV  
  18  2:00  SCV  
  19  2:34  Orbital Command  
  19  2:43  Supply Depot  
  19  2:44  Marine  
  20  3:09  Marine  
  21  3:26  Command Center  
  21  3:42  SCV  
  22  3:59  SCV  
  23  4:02  Barracks  
  23  4:17  Barracks Reactor  
  23  4:27  SCV  
  24  4:44  SCV  
  25  5:01  SCV  
  25  5:08  Barracks  
  26  5:18  SCV  
  27  5:35  SCV  
  27  5:37  Barracks Tech Lab  
  28  5:43  Marine  
  28  5:44  Marine  
  30  5:51  Orbital Command  
  30  6:08  Marine x2  
  32  6:29  Stimpack  
  32  6:31  Barracks Tech Lab  
  32  6:33  Marine x2  
  34  6:42  Factory  
  34  6:53  Refinery  
  34  6:55  SCV  
  34  6:57  Refinery  
  34  6:58  Marine x2  
  37  7:12  SCV  
  38  7:23  Unknown  
  38  7:29  Marauder x2, SCV  
  43  7:33  Marine x2  
  45  7:46  SCV  
  46  7:59  Starport  
  46  8:25  Supply Depot  
  46  8:55  Marauder x2, Marine x2, SCV  
  46  8:57  Supply Depot  
  53  9:11  Engineering Bay  
  53  9:12  Factory Tech Lab  
  53  9:20  Concussive Shells, Marine  
  53  9:27  Marauder x2, Marine, Medivac  
  53  9:29  Supply Depot  
  61  9:44  Marine  
  61  9:50  Engineering Bay  
  61  9:52  Marine  
  61  9:57  Marauder x2  
  60  10:09  Medivac  
  61  10:27  Marauder x2  
  65  10:43  Supply Depot  
  65  10:55  Marine  
  65  10:56  Marine  
  65  10:57  Marine x2  
  69  11:07  SCV  
  69  11:08  SCV  
  70  11:13  Supply Depot  
  70  11:20  Marine  
  70  11:21  Marine  
  70  11:22  Marine x2  
  70  11:24  SCV  
  70  11:25  SCV  
  76  11:38  Medivac  
  78  11:43  Siege Tank, SCV x2  
  78  11:44  Terran Infantry Weapons Level 1  
  78  11:45  Marine, Supply Depot  
  78  11:46  Terran Infantry Armor Level 1  
  78  11:47  Marauder  
  86  11:53  Supply Depot  
  86  12:15  Marauder, SCV  
  86  12:17  Marauder, Supply Depot  
  91  12:20  Marine, Medivac  
  91  12:23  Marine  
  91  12:25  Supply Depot  
  91  12:28  Siege Tank  
  98  12:32  SCV  
  99  12:45  Marauder, Marine  
  99  12:47  Marauder  
  99  12:48  Marine  
  105  12:57  Supply Depot  
  105  13:10  Marine  
  105  13:13  Marine  
  105  13:14  Marauder  
  109  13:21  SCV x2  
  111  13:30  Supply Depot  
  111  13:38  SCV x2  
  113  13:40  Starport Tech Lab  
  113  13:52  Marine x2  
  113  13:53  Marine x2  
  117  14:02  Supply Depot  
  117  14:17  Marine x2  
  117  14:18  Marauder, Marine  
  122  14:38  Infernal Pre-Igniter  
  122  14:42  Command Center, Marine x2  
  122  14:43  Marauder  
  122  14:48  Marauder  
  128  15:07  Marine  
  129  15:12  Marauder  
  129  15:18  Marauder  
  133  15:27  Refinery  
  133  15:34  Refinery  
  133  15:42  Marauder  
  133  15:48  Marauder  
  137  15:54  Armory  
  137  15:57  Marine x2  
  139  16:07  Banshee  
  142  16:22  Marauder x2, Marine x2  
  148  16:34  Starport  
  148  16:38  Orbital Command  
  148  16:47  Marine x2  
  150  16:52  Marauder x2  
  154  17:02  Armory  
  154  17:07  Banshee  
  157  17:30  Starport  
  157  17:39  Terran Infantry Weapons Level 2  
  157  17:42  Terran Infantry Armor Level 2  
  157  18:20  Supply Depot  
  157  18:27  Starport  
  157  18:31  Terran Vehicle And Ship Armor Level 1  
  157  18:34  Terran Ship Weapons Level 1  
  157  18:50  Banshee, Marine x2, Hellion  
  157  18:52  Starport Tech Lab  
  157  18:53  Supply Depot  
  157  18:55  Starport Tech Lab  
  164  19:21  Starport  
  164  19:23  Hellion  
  164  19:25  Supply Depot  
  164  19:26  Marauder x2  
  164  19:28  Marine  
  164  19:29  Marine  
  172  19:53  Marine  
  172  19:55  Banshee x2, Marine  
  172  19:57  Supply Depot  
  180  20:18  Marine  
  181  20:27  Banshee, Marauder x2, Marine  
  189  20:42  Supply Depot  
  189  20:55  Banshee  
  188  21:12  Banshee, Marauder  
  188  21:13  Supply Depot  
  175  21:27  Banshee  
  163  21:34  Unknown  
  163  21:47  Supply Depot  
  163  21:55  Banshee  
  163  21:56  Marauder, Marine x3  
  171  22:11  Banshee  
  168  22:20  Marine  
  168  22:21  Marauder, Marine  
  168  22:26  Marauder  
  167  22:45  Marine  
  167  22:46  Marine  
  169  22:51  Marauder  
  169  22:56  Marauder  
  136  23:10  Marine  
  136  23:11  Marine  
  138  23:21  Marauder  
  138  23:26  Marauder  
  142  23:51  Marauder  
  142  23:52  Terran Infantry Weapons Level 3  
  142  23:55  Terran Infantry Armor Level 3  
  142  23:56  Marine  
  142  23:57  Terran Vehicle And Ship Armor Level 2  
  144  24:00  Terran Ship Weapons Level 2  
  144  24:21  Marauder x2  
  148  24:51  Marauder x2  
  152  25:21  Marauder x2  
  154  25:59  Fusion Core  
  154  26:04  Cloaking Field  
  148  27:27  Unknown  
Tags
 
Add a new tag
Caveats
  • Supply blocks, unpowered buildings, or Contaminate may cause inaccurate times.
  • Supply counts are checked every 10 seconds.